Description

This kind of cheese can be really challenging to hold but there is some things to know about it :

  • You need to scout it fast
  • Add a shield battery as fast as possible
  • You don't have to cancel your nexus on natural
  • Never stop the stalker production

VOD

https://youtu.be/HBsYCik9Jmw

Replay - llllllllllll v llllllllllll - Eternal Empire LE

Build Order

Get SALT Encoding   

  12  0:00  Probe  
  13  0:13  Probe  
  14  0:17  Pylon  
  14  0:25  Probe (Chrono Boost)  
  16  0:35  Probe (Chrono Boost)  
  16  0:39  Gateway  
  16  0:41  Probe  
  16  0:48  Assimilator  
  17  0:53  Probe  
  18  1:06  Probe  
  19  1:22  Nexus  
  19  1:31  Cybernetics Core  
  19  1:35  Probe  
  20  1:45  Assimilator  
  21  1:47  Probe  
  21  1:58  Pylon  
  21  1:59  Probe  
  22  2:16  Stalker (Chrono Boost)  
  22  2:17  Warp Gate  
  22  2:21  Gateway  
  24  2:38  Stalker (Chrono Boost)  
  24  2:43  Shield Battery  
  26  3:12  Stalker x2 (Chrono Boost)  
  29  3:35  Stalker x2 (Chrono Boost)  
  32  3:54  Gateway  
  31  4:05  Pylon  
  31  4:20  Stalker x2  
  29  4:35  Gateway  
  31  4:38  Shield Battery  
  31  4:44  Stalker x2  
  36  5:01  Robotics Facility  
Spawning Tool Build Advisor. Get it on Overwolf

Go to:

Details

  • Created by: zuka      
  • Published on: Mar 23, 2020
  • Modified on: Mar 23, 2020
  • Patch: 4.11.0
Show
View Real Time Build Order
Export as new Build Order

Comments (0)

There are no comments. Be the first!

Create an account to comment!